 Dungeon Crawl Stone Soup version 0.29-a0-998-g1987434951 (webtiles) character file.

Game seed: 13003065356958435998

4 vurker the Sneak (level 1, -3/9 HPs)
             Began as a Vine Stalker Enchanter on Aug 5, 2022.
             Slain by a gnoll
             ... wielding a +0 whip
              (4 damage)
             ... on level 1 of the Dungeon.
             The game lasted 00:00:29 (283 turns).

vurker the Sneak (Vine Stalker Enchanter)            Turns: 283, Time: 00:00:29

Health: -3/9       AC:  8    Str: 10    XL:     1   Next: 70%
Magic:  0/4        EV:  4    Int: 15    God:
Gold:   0          SH:  0    Dex: 14    Spells: 4/4 levels left

rFire   . . .      SeeInvis .   (no weapon)
rCold   . . .      Faith    .   (no shield)
rNeg    . . .      Spirit   +   a - +0 chain mail
rPois   .          Reflect  .   (no helmet)
rElec   .          Harm     .   (no cloak)
rCorr   .          Rampage  .   (no gloves)
Will    .....                   (no boots)
Stlth   ..........              (no amulet)
HPRegen 0.03/turn               (no ring)
MPRegen 0.09/turn               (no ring)

@: no status effects
A: fangs 2, magic shield, antimagic bite, no potion heal 2
a: no special abilities


You were on level 1 of the Dungeon.
You visited 1 branch of the dungeon, and saw 1 of its levels.

Inventory:

Armour
 a - a +0 chain mail (worn)
   (You found it on level 1 of the Dungeon)
Potions
 c - 2 potions of invisibility


   Skills:
 + Level 0.3 Fighting
 - Level 0.8 Short Blades
 - Level 1.5 Dodging
 - Level 3.6 Stealth
 * Level 0.9 Unarmed Combat
 - Level 2.1 Spellcasting
 - Level 3.0 Hexes


You had 4 spell levels left.
You didn't know any spells.
Your spell library contained the following spells:

 Spells                   Type           Power      Damage    Failure   Level
 Ensorcelled Hibernation  Hex/Ice        12%        N/A       100%        2
 Confusing Touch          Hex            10%        N/A       100%        3
 Dazzling Flash           Conj/Hex       12%        N/A       100%        3
 Tukima's Dance           Hex            10%        N/A       100%        3


Dungeon Overview and Level Annotations

Branches:
Dungeon (1/15)

Altars:


Innate Abilities, Weirdness & Mutations

You have extremely sharp teeth.
When hurt, damage is shared between your health and your magic reserves.
Your bite disrupts and absorbs the magic of your enemies.
Potions cannot restore your health.


Message History

Found a leather armour.
An endoplasm is nearby!
An endoplasm is nearby!
An endoplasm is nearby!
Found a chain mail.
You start resting.
You see here a +0 chain mail.
a - a +0 chain mail You start removing your armour.
You continue taking off your +0 robe. x4
You finish taking off your +0 robe.
You start putting on your armour.
You continue putting on your +0 chain mail. x5
You finish putting on your +0 chain mail.
You drop a +0 robe.
You see here a +0 robe.
A ball python comes into view.
The ball python hisses angrily.
You see here a +0 leather armour.
A ball python is nearby!
A ball python is nearby!
A gnoll and a goblin come into view.
The gnoll shouts!
The goblin shouts!
You hit the ball python but do no damage.
You bite the ball python. You drain its power.
The ball python barely misses you. The ball python grabs you.
The ball python constricts you.
You closely miss the ball python. You bite the ball python.
You kill the ball python!
No target in view!
You see here a +0 leather armour.
You hit the goblin but do no damage. The goblin hits you but does no damage.
You hit the goblin.
You kill the goblin!
You hit the gnoll but do no damage. The gnoll hits you but does no damage.
You barely miss the gnoll. You bite the gnoll. You drain its power.
The gnoll hits you with a +0 whip.
You hit the gnoll but do no damage. You bite the gnoll. You drain its power.
You feel invigorated. The gnoll hits you with a +0 whip.
You hit the gnoll but do no damage. Your bite misses the gnoll.
The gnoll hits you with a +0 whip.
* * * LOW HITPOINT WARNING * * *
You hit the gnoll. The gnoll completely misses you.
You hit the gnoll but do no damage. The gnoll barely misses you.
You hit the gnoll but do no damage. The gnoll hits you with a +0 whip.
* * * LOW HITPOINT WARNING * * *
You hit the gnoll. You bite the gnoll, but do no damage.
The gnoll hits you but does no damage.
You hit the gnoll. Your bite misses the gnoll.
The gnoll hits you with a +0 whip.
You die...

## .......# ...
#......# ....
##..... ..... #.....
......###.#.#####...
.......†............
......###[##.###
..... #g##)## ....
#@##..# ..g #.....##
## ######.###..#
........[.#..#
#########.#..##
#...#...# #.###.#.#
#...#.#.#######
###.#..........


You could see a gnoll.

Vanquished Creatures
  An endoplasm (D:1)
  A goblin (D:1)
  A hobgoblin (D:1)
  A ball python (D:1)
4 creatures vanquished.

Notes
Turn   | Place    | Note
-------+----------+-------------------------------------------
     0 | D:1      | vurker the Vine Stalker Enchanter began the quest for the
                  | Orb.
     0 | D:1      | Reached XP level 1. HP: 9/9 MP: 4/4
   283 | D:1      | Slain by a gnoll

Illustrated notes

Levels and vault maps discovered:
D:1:      saegor_arrival_simple_c, layout_basic

Action                   || total
-------------------------++-------
Melee: Unarmed           ||    13
       Dagger            ||     8
       Bite              ||     8
Armor: Chain mail        ||     3
       Robe              ||     1
Dodge: Dodged            ||     4

Table legend: (Time is in decaauts)
 A = Elapsed time spent in this place.
 B = Non-inter-level travel time spent in this place.
 C = Inter-level travel time spent in this place.
 D = Time resting spent in this place.
 E = Time spent auto-exploring this place.
 F = Levels seen in this place.
 G = Mean time per level.
                   A        B        C        D        E       F      G
               +--------+--------+--------+--------+--------+-----+--------+
         Total |    282 |    282 |      0 |    128 |     98 |   1 |  282.0 |
       Dungeon |    282 |    282 |      0 |    128 |     98 |   1 |  282.0 |
               +--------+--------+--------+--------+--------+-----+--------+

Top non-repeatable levels by time:
     D:1: 282 daAuts
